 Dungeon Crawl Stone Soup version 0.18-a0-1763-g7aac3cf (webtiles) character file.

177488 TheGoonsmith the Impaler (level 18, -4/134 HPs)
             Began as a Merfolk Gladiator on Apr 13, 2016.
             Was the Champion of Cheibriados.
             Shot with a bolt of frost by a naga sharpshooter (5 damage)
             ... led by Vashnia
             ... on level 3 of the Snake Pit.
             The game lasted 02:16:29 (31605 turns).

TheGoonsmith the Impaler (Merfolk Gladiator)       Turns: 31605, Time: 02:16:30

Health: -4/134     AC: 30    Str: 32    XL:     18   Next: 17%
Magic:  30/30      EV: 22    Int: 26    God:    Cheibriados [******]
Gold:   633        SH:  3    Dex: 32    Spells: 3 memorised, 24 levels left

rFire  + . .     SeeInvis +     b - +2 glaive (freeze)
rCold  + . .     Gourm    .     j - +4 plate armour "Petaav" {rF+ MR+++}
rNeg   . . .     Faith    .     (shield currently unavailable)
rPois  +         Spirit   .     y - +2 helmet
rElec  .         Dismiss  .     h - +0 cloak {rPois}
rCorr  .         Reflect  +     C - +2 pair of gloves
SustAt .         Harm     .     G - +1 pair of boots
MR     ++++.                    o - +3 amulet of reflection
Stlth  ..........               M - ring of protection from cold
                                F - ring of see invisible

@: lethally poisoned (-4 -> -4), constricted, very slow, incredibly resistant to
hostile enchantments, extremely unstealthy
A: change form in water, swift swim
a: Bend Time, Temporal Distortion, Slouch, Step From Time, Renounce Religion


You were on level 3 of the Snake Pit.
You worshipped Cheibriados.
Cheibriados was exalted by your worship.
You were not hungry.

You visited 5 branches of the dungeon, and saw 29 of its levels.

You collected 2454 gold pieces.
You spent 1821 gold pieces at shops.

Inventory:

Hand Weapons
 a - the +10 long sword of Action {flame, +Fly rElec Dex+3}
   (You found it on level 2 of the Lair of Beasts)

   It has been specially enchanted to burn those struck by it, causing extra
   injury to most foes and up to half again as much damage against particularly
   susceptible opponents.
   Big, fiery blades are also staple armaments of hydra-hunters.
   It affects your dexterity (+3).
   It insulates you from electricity.
   It lets you fly.
 b - a +2 glaive of freezing (weapon)
Missiles
 d - 9 throwing nets
 e - 389 stones (quivered)
 A - 2 javelins
 H - 35 tomahawks
 Z - 4 poisoned tomahawks
Armour
 h - a +0 cloak of poison resistance (worn)
 j - the +4 plate armour "Petaav" (worn) {rF+ MR+++}
   (You found it on level 4 of the Dungeon)

   It protects you from fire.
   It affects your resistance to hostile enchantments.
 p - the +2 shield "Himeug" {rElec rF+ rC++ Int+3}
   (You took it off Asterion on level 1 of the Snake Pit)

   It affects your intelligence (+3).
   It protects you from fire.
   It greatly protects you from cold.
   It insulates you from electricity.
 v - a +2 cloak
 y - a +2 helmet (worn)
 C - a +2 pair of gloves (worn)
 G - a +1 pair of boots (worn)
Jewellery
 o - a +3 amulet of reflection (around neck)
 F - a ring of see invisible (left hand)
 L - an uncursed ring of poison resistance
 M - a ring of protection from cold (right hand)
Wands
 g - a wand of teleportation (3/9)
 m - a wand of disintegration (8/24)
 q - a wand of digging (11/24)
Scrolls
 c - 9 scrolls of remove curse
 i - 2 scrolls of summoning
 n - a scroll of fear
 t - 2 scrolls of recharging
 u - 8 scrolls of teleportation
 w - 2 scrolls of blinking
 T - 3 scrolls of fog
 W - 3 scrolls of magic mapping
 Y - 2 scrolls of amnesia
Potions
 l - a potion of agility
 r - a potion of cancellation
 z - 4 potions of flight
 D - a potion of resistance
 E - 3 potions of heal wounds
 N - 4 potions of curing
 O - a potion of might {unknown}
 Q - 2 potions of mutation {unknown}
 V - 2 potions of ambrosia
Miscellaneous
 x - a lamp of fire
Comestibles
 f - 9 bread rations
 k - 9 royal jellies


   Skills:
 - Level 10.1 Fighting
 - Level 20.0 Polearms
 - Level 12.3 Throwing
 - Level 11.1 Armour
 - Level 15.7 Dodging
 - Level 8.5 Spellcasting
 + Level 0.2 Charms
 - Level 7.8 Necromancy
 - Level 11.2 Invocations


You had 24 spell levels left.
You knew the following spells:

 Your Spells              Type           Power        Failure   Level  Hunger
a - Animate Dead          Necr           N/A          14%         4    ##.....
b - Mephitic Cloud        Conj/Pois/Air  ##......     88%         3    None
c - Regeneration          Chrm/Necr      ####......   21%         3    None


Dungeon Overview and Level Annotations

Branches:
Dungeon (15/15)            Temple (1/1) D:4            Lair (8/8) D:11
 Shoals (0/4) Lair:4        Snake (3/4) Lair:6        Slime (0/6) Lair:6
    Orc (2/2) D:11            Elf (0/3) Orc:2        Vaults (0/5) D:13
 Depths (0/5) D:15

Altars:
Ashenzari
Cheibriados
Dithmenos
Elyvilon
Fedhas
Gozag
Kikubaaqudgha
Makhleb
Nemelex Xobeh
Okawaru
Pakellas
Qazlal
Ru
Sif Muna
Vehumet
Xom
Yredelemnul
Zin
The Shining One
Beogh
Jiyva

Shops:
D:8 [   D:13 !([(}   D:14 [   Orc:2 (}}[

Annotations:
D:3 1 exclusion
Lair:2 exclusion: oklob plant
Lair:4 exclusion: 3 oklob plants
Lair:5 exclusion: 2 oklob plants
Snake:3 Vashnia


Message History

The splash of poison hits you! You resist.
Vashnia shoots an arrow.
The arrow hits you but does no damage.
Throwing (i - inventory. (,) - cycle):
e - 390 stones (quivered)
Press: ? - help, Shift-Dir - straight line, f/p - naga sharpshooter
Aim: a naga sharpshooter, wielding a mace (heavily wounded, catching its breath)
You throw a stone.
The stone hits the naga sharpshooter but does no damage.
The naga sharpshooter is heavily wounded.
The naga sharpshooter hits you but does no damage.
The naga sharpshooter grabs you.
* * * LOW HITPOINT WARNING * * *
The naga sharpshooter constricts you.
The naga sharpshooter gestures wildly while chanting.
The naga sharpshooter magically shoots an arrow.
The arrow hits you.
* * * LOW HITPOINT WARNING * * *
The naga sharpshooter gestures wildly while chanting.
The naga sharpshooter magically shoots a bolt of frost.
The bolt of frost hits you.
You die...

#.....##.... .
#......#..... #.
............ #.
...(....... #.
##N(((N..... ##.
##...((#..... ###8.
#....NNN..... #....
#....@..##... #...>
##..((.......#####.#8.
##.)(.............##.
##((..#..........###
#((.## ########.#
##((.# ###.# #....#
###...### #.####
#........
#.##########.....###


You could see Vashnia and 4 naga sharpshooters.

Vanquished Creatures
  Asterion (Snake:1)
  Wiglaf (Snake:2)
  3 greater nagas
  Louise (D:14)
  The ghost of edsrzf the Grand Gadgeteer, a journeyman OpAs of Pakellas (Orc:2)
  Snorg (Lair:7)
  A dire elephant (Lair:8)
  Josephine (Orc:2)
  A vault guard (D:13)
  Fannar (D:10)
  A rakshasa (D:15)
  11 hydras
  An ice dragon (D:13)
  6 naga warriors
  6 anacondas
  2 catoblepae
  Erica (D:8)
  2 centaur warriors
  A deep troll shaman (Lair:8)
  2 shock serpents (Snake:2)
  2 tengu warriors (D:15)
  6 naga sharpshooters
  35 death yaks
  Urug (Lair:1)
  3 orc high priests (Orc:2)
  4 salamander mystics
  A giant orange brain (D:15)
  A swamp dragon (shapeshifter) (D:15)
  An unseen horror (D:15)
  5 naga ritualists
  10 hill giants
  4 orc knights (Orc:2)
  3 deep elf magi
  2 griffons
  A wolf spider zombie (D:15)
  10 mana vipers
  A necromancer (D:13)
  4 ugly things
  6 orc sorcerers
  A manticore (D:15)
  3 cyclopes
  10 salamanders
  A moth of wrath (shapeshifter) (D:15)
  7 naga magi
  29 elephants
  The ghost of smazza the Firebug, a novice HEFE of Vehumet (D:6)
  29 black mambas
  The ghost of Balimanorgath the Grave Robber, a novice DDNe (D:5)
  5 centaur skeletons
  An eye of devastation (Lair:6)
  2 gargoyles
  A spiny frog (shapeshifter) (D:15)
  15 spiny frogs
  2 rime drakes
  2 yaktaurs
  6 komodo dragons
  A harpy zombie (D:14)
  2 merfolk
  3 two-headed ogres
  A polar bear (Lair:8)
  Prince Ribbit (D:7)
  A queen bee (D:9)
  42 blink frogs
  A hornet zombie (D:14)
  A boulder beetle (D:15)
  13 slime creatures
  70 yaks
  6 wraiths
  2 vampires
  7 wyverns
  21 humans (D:13)
  7 basilisks
  2 vampire mosquitoes (D:13)
  7 hippogriffs
  2 hungry ghosts
  2 wargs
  A mottled dragon (D:14)
  30 nagas
  10 water moccasins
  18 porcupines
  18 orc warriors
  6 ice beasts
  6 sky beasts
  5 ogres
  4 black bears
  2 wasps
  An eye of draining (D:13)
  4 phantoms
  A necrophage (D:12)
  3 boggarts (D:15)
  10 wolves
  6 centaurs
  17 crocodiles
  3 big kobolds
  20 giant frogs
  2 gnoll sergeants
  3 scorpions
  A wyvern skeleton (D:15)
  5 wights (D:15)
  30 killer bees
  An electric eel (Lair:5)
  3 jellies
  9 crimson imps
  4 centaur zombies
  4 giant frog skeletons
  A giant frog zombie (D:8)
  12 hounds
  A quasit (D:6)
  17 orc priests
  22 orc wizards
  8 worker ants
  11 iguanas
  7 sheep
  3 hound skeletons
  A howler monkey zombie (D:10)
  2 worker ant zombies
  20 gnolls
  10 adders
  117 river rats
  5 shadow imps
  2 adder zombies
  An adder skeleton (D:7)
  3 worms
  3 dart slugs (D:2)
  4 giant geckos
  67 orcs
  6 bats
  5 giant cockroaches
  6 goblins
  5 hobgoblins
  13 jackals
  26 kobolds
  3 quokkas
  6 giant newts
  A jackal skeleton (D:4)
  A quokka skeleton (D:9)
  A quokka zombie (D:5)
  10 rats
  A butterfly (Lair:5)
  3 fungi (Lair:8)
  A plant (Lair:3)
1085 creatures vanquished.

Vanquished Creatures (collateral kills)
  Rupert (D:13)
  A naga ritualist (Snake:3)
  A naga (Snake:2)
3 creatures vanquished.

Vanquished Creatures (others)
  Nikola (Snake:3)
  An orc wizard (Orc:2)
  50 fungi
  26 plants
78 creatures vanquished.

Grand Total: 1166 creatures vanquished

Notes
Turn   | Place    | Note
--------------------------------------------------------------
     0 | D:1      | TheGoonsmith the Merfolk Gladiator began the quest for the Orb.
     0 | D:1      | Reached XP level 1. HP: 16/16 MP: 1/1
   175 | D:1      | Reached skill level 5 in Polearms
   180 | D:1      | Reached XP level 2. HP: 22/22 MP: 2/2
   862 | D:2      | Reached XP level 3. HP: 24/27 MP: 3/3
   880 | D:2      | Reached skill level 6 in Polearms
  1588 | D:3      | Reached XP level 4. HP: 35/35 MP: 4/4
  1976 | D:3      | Reached skill level 7 in Polearms
  1976 | D:3      | Reached XP level 5. HP: 41/41 MP: 5/5
  2799 | D:3      | Reached skill level 8 in Polearms
  3065 | D:3      | Noticed a moth of wrath
  3357 | D:4      | Noticed an ogre
  3364 | D:4      | Killed an ogre
  3364 | D:4      | Reached skill level 9 in Polearms
  3364 | D:4      | Reached XP level 6. HP: 24/47 MP: 6/6
  3588 | D:4      | Got a warped plate armour
  3717 | D:4      | Reached skill level 10 in Polearms
  3731 | D:4      | Reached XP level 7. HP: 45/52 MP: 7/7
  3767 | D:4      | Identified the +4 plate armour "Petaav" {rF+ MR+++} (You found it on level 4 of the Dungeon)
  3850 | D:4      | Found a shadowy altar of Dithmenos.
  3909 | D:4      | Found a staircase to the Ecumenical Temple.
  3964 | Temple   | Entered the Ecumenical Temple
  4033 | Temple   | Became a worshipper of Cheibriados the Contemplative
  4070 | D:4      | Reached skill level 11 in Polearms
  4485 | D:5      | Entered Level 5 of the Dungeon
  4485 | D:5      | Noticed Balimanorgath's ghost (novice DDNe)
  4501 | D:5      | Killed Balimanorgath's ghost
  4501 | D:5      | Reached skill level 13 in Polearms
  4501 | D:5      | Reached XP level 8. HP: 52/58 MP: 8/8
  4692 | D:5      | Found an oddly glowing altar of Pakellas.
  4722 | D:5      | Reached * piety under Cheibriados
  4985 | D:5      | Reached skill level 5 in Fighting
  5073 | D:5      | Found a sparkling altar of Nemelex Xobeh.
  5158 | D:6      | Noticed smazza's ghost (novice HEFE)
  5168 | D:6      | Killed smazza's ghost
  5168 | D:6      | Reached XP level 9. HP: 44/74 MP: 9/9
  5348 | D:6      | Found a glowing silver altar of Zin.
  5473 | D:6      | Reached ** piety under Cheibriados
  5878 | D:7      | Reached *** piety under Cheibriados
  5894 | D:7      | Found a glowing golden altar of the Shining One.
  5975 | D:7      | Reached skill level 10 in Fighting
  5981 | D:7      | Reached skill level 1 in Armour
  6457 | D:7      | Reached XP level 10. HP: 85/85 MP: 10/10
  6778 | D:8      | Noticed Prince Ribbit
  6806 | D:7      | Killed Prince Ribbit
  6806 | D:7      | Reached **** piety under Cheibriados
  7027 | D:8      | Identified a scroll of acquirement
  7117 | D:8      | Reached skill level 14 in Polearms
  7158 | D:8      | Found a blossoming altar of Fedhas.
  7212 | D:8      | Noticed Erica
  7224 | D:8      | Killed Erica
  7224 | D:8      | Reached skill level 15 in Polearms
  7281 | D:8      | Found a sparkling altar of Nemelex Xobeh.
  7291 | D:8      | Found Juarug's Antique Armour Shoppe.
  7309 | D:8      | Bought a glowing cloak for 148 gold pieces
  7342 | D:8      | Found a basalt altar of Yredelemnul.
  7342 | D:8      | Found a sacrificial altar of Ru.
  7477 | D:9      | Reached ***** piety under Cheibriados
  7518 | D:9      | Found an ancient bone altar of Kikubaaqudgha.
  7912 | D:9      | Reached skill level 16 in Polearms
  8482 | D:9      | Reached XP level 11. HP: 90/90 MP: 11/11
  8650 | D:10     | Entered Level 10 of the Dungeon
  8789 | D:10     | Reached skill level 5 in Dodging
  8848 | D:10     | Noticed Fannar
  8855 | D:10     | Killed Fannar
  8858 | D:10     | Got a faintly humming plate armour
  8862 | D:10     | Identified the cursed +0 plate armour "Igikku Acare" {Str+7} (You found it on level 10 of the Dungeon)
  8984 | D:10     | Noticed a hill giant
  8991 | D:10     | Killed a hill giant
  8991 | D:10     | Reached skill level 5 in Armour
  9120 | D:10     | Noticed a brown ugly thing
  9127 | D:10     | Killed a brown ugly thing
  9168 | D:10     | Reached ****** piety under Cheibriados
  9509 | D:11     | Found a staircase to the Lair.
  9529 | D:11     | Reached skill level 10 in Dodging
  9663 | D:11     | Found a shattered altar of Ashenzari.
  9677 | D:11     | Found a staircase to the Orcish Mines.
  9692 | D:11     | Learned a level 4 spell: Animate Dead
  9696 | D:11     | Learned a level 3 spell: Mephitic Cloud
  9700 | D:11     | Learned a level 3 spell: Regeneration
  9797 | D:11     | Noticed a brown ugly thing
  9810 | D:11     | Killed a brown ugly thing
 10202 | Lair:1   | Entered Level 1 of the Lair of Beasts
 10264 | Lair:1   | Noticed Urug
 10275 | Lair:1   | Killed Urug
 10342 | Lair:1   | Reached XP level 12. HP: 97/97 MP: 12/12
 10350 | Lair:1   | Reached skill level 5 in Throwing
 11197 | Lair:2   | Reached skill level 1 in Invocations
 11259 | Lair:2   | Found a radiant altar of Vehumet.
 11267 | Lair:2   | HP: 2/97 [acid (14)]
 11811 | Lair:2   | Got a jewelled long sword
 11814 | Lair:2   | Reached skill level 5 in Invocations
 12670 | Lair:3   | Noticed a death yak
 12675 | Lair:3   | Noticed a death yak
 12675 | Lair:3   | Noticed a death yak
 12677 | Lair:3   | Noticed a death yak
 12679 | Lair:3   | Killed a death yak
 12690 | Lair:3   | Killed a death yak
 12690 | Lair:3   | Reached skill level 17 in Polearms
 12700 | Lair:3   | Killed a death yak
 12702 | Lair:3   | Killed a death yak
 13065 | Lair:3   | Identified the +10 long sword of Action {flame, +Fly rElec Dex+3} (You found it on level 2 of the Lair of Beasts)
 13243 | Lair:3   | Reached skill level 18 in Polearms
 13283 | Lair:3   | Reached XP level 13. HP: 103/103 MP: 18/18
 13420 | Lair:3   | Reached skill level 19 in Polearms
 13834 | Lair:3   | Reached skill level 20 in Polearms
 14527 | Lair:4   | Found a staircase to the Shoals.
 15572 | Lair:5   | You fall through a shaft for 3 floors!
 15572 | Lair:8   | Entered Level 8 of the Lair of Beasts
 15909 | Lair:7   | Noticed Snorg
 15928 | Lair:7   | Killed Snorg
 15948 | Lair:7   | Reached XP level 14. HP: 48/110 MP: 19/19
 17872 | Lair:7   | Reached XP level 15. HP: 115/115 MP: 21/21
 18037 | Lair:6   | Found a staircase to the Snake Pit.
 18427 | Lair:6   | Reached skill level 10 in Invocations
 18989 | Orc:1    | Entered Level 1 of the Orcish Mines
 19294 | Orc:2    | Entered Level 2 of the Orcish Mines
 19294 | Orc:2    | Found a roughly hewn altar of Beogh.
 19966 | Orc:2    | Noticed edsrzf's ghost (journeyman OpAs)
 19973 | Orc:2    | Noticed Josephine
 19983 | Orc:2    | Killed Josephine
 19986 | Orc:2    | Killed edsrzf's ghost
 20409 | Orc:2    | Found a staircase to the Elven Halls.
 20783 | Orc:2    | Found Neil's Antique Armour Shoppe.
 20783 | Orc:2    | Found Comi Ufa's Antique Weapon Shoppe.
 20785 | Orc:2    | Found Onoo's Gadget Shop.
 20787 | Orc:2    | Found Uthex's Gadget Shop.
 20965 | Orc:2    | Bought a brightly glowing plate armour for 924 gold pieces
 20975 | Orc:2    | Identified the cursed +1 plate armour of the Ward {rPois Int-3 Dex+6} (You bought it in a shop on level 2 of the Orcish Mines)
 20999 | Orc:2    | Bought a wand of teleportation (3/9) for 273 gold pieces
 21009 | Orc:2    | Bought a pair of embroidered gloves for 148 gold pieces
 21763 | Lair:6   | Found a viscous altar of Jiyva.
 21763 | Lair:6   | Found a staircase to the Slime Pits.
 22186 | Lair:7   | Reached skill level 10 in Throwing
 22617 | Lair:8   | Reached XP level 16. HP: 56/122 MP: 24/24
 24043 | D:12     | Reached skill level 15 in Dodging
 24542 | Orc:2    | Bought a pair of runed gloves for 148 gold pieces
 24766 | D:13     | Found Cutsyf's Gadget Boutique.
 24843 | D:13     | Found Qurafius's Weapon Boutique.
 25171 | D:13     | Found Kaadol's Armour Emporium.
 25201 | D:13     | Found Legaf Funtut's Distillery.
 25204 | D:13     | Bought a potion of heal wounds for 90 gold pieces
 25204 | D:13     | Bought a potion of heal wounds for 90 gold pieces
 25308 | D:13     | Noticed Rupert
 25312 | D:13     | Reached skill level 1 in Spellcasting
 25327 | D:13     | Killed Rupert
 25349 | D:13     | Found Xuwasyunn's Antique Weapon Shoppe.
 25617 | D:13     | Found a gate to the Vaults.
 25858 | D:14     | Reached skill level 5 in Spellcasting
 25946 | D:14     | Got a steaming halberd
 25947 | D:14     | Identified the +6 halberd of the Shoals {venom, Fragile Str+5 Int+6} (You found it on level 14 of the Dungeon)
 26049 | D:14     | Reached skill level 1 in Necromancy
 26051 | D:14     | Found a blossoming altar of Fedhas.
 26296 | D:14     | Noticed Louise
 26316 | D:14     | Killed Louise
 26548 | D:14     | Found Ulodit's Armour Boutique.
 26607 | D:15     | Entered Level 15 of the Dungeon
 26952 | D:15     | Reached XP level 17. HP: 128/128 MP: 25/25
 27243 | D:15     | Found a staircase to the Depths.
 27250 | D:15     | Reached skill level 5 in Necromancy
 27590 | Snake:1  | Entered Level 1 of the Snake Pit
 27652 | Snake:1  | Noticed Asterion
 27673 | Snake:1  | Killed Asterion
 27677 | Snake:1  | Got an ancient shield
 28371 | Snake:1  | Reached skill level 10 in Armour
 28422 | Snake:1  | You fall through a shaft!
 29739 | Snake:2  | Noticed Wiglaf
 29752 | Snake:2  | Killed Wiglaf
 30267 | Snake:3  | Identified the +2 shield "Himeug" {rElec rF+ rC++ Int+3} (You took it off Asterion on level 1 of the Snake Pit)
 30571 | Snake:3  | Reached XP level 18. HP: 107/134 MP: 30/30
 30654 | Snake:3  | Noticed Nikola
 30665 | Snake:3  | Killed Nikola
 31596 | Snake:3  | Noticed Vashnia
 31605 | Snake:3  | HP: 2/134 [naga sharpshooter/uncursed mace[Vashnia] (5)]
 31605 | Snake:3  | Shot with a bolt of frost by a naga sharpshooter

Vault maps used:
D:1:      saegor_arrival_simple_e, minmay_misc_feat_cross, minmay_misc_feat_iff
D:3:      tgw_trog
D:4:      nicolae_overflow_hidden_temple, minmay_temple_entry_junction,
          first_bread, minmay_misc_feat_plants
D:5:      johnstein_pakellas_death_squad, minmay_bad_closet,
          nemelex_diamond_rough_becter
D:6:      kennysheep_mini
D:7:      basic_altar
D:8:      lemuel_round_altar, gammafunk_temple_overflow_elements, serial_shops,
          shop, basic_altar, uniq_prince_ribbit1, uniq_erica
D:9:      kennysheep_mini_moat, special_room
D:10:     uniq_fannar
D:11:     minmay_lair_entry_grove, orc_0_dummy, basic_altar
D:13:     grunt_vaults_entry_tiered, serial_shops, nicolae_shop_stone, shop,
          shop, nicolae_shop_waterfront, shop, uniq_rupert
D:14:     serial_shops, nicolae_shop_statue_plus, fedhas_altar_fruit_tree,
          nrook_loot_triangle, uniq_louise
D:15:     gammafunk_enter_depths_forms, serial_park_square3, hex_medium
Temple:   zaba_magenta_temple_12
Lair:1:   infiniplex_staircase_pool_2, uniq_urug
Lair:2:   st_stairs_5, lemuel_oklob_altar, grunt_megastairs_5
Lair:4:   elwin_shoals_entry_rooms, st_stairs_10, dpeg_oklob_1
Lair:5:   minmay_lair_oklob_tunnel, grunt_megastairs_3, lemuel_fruit_fields,
          infiniplex_staircase_pool, serial_bayou_shore_a
Lair:6:   minmay_snake_entry_guardpost_small, slime_altar_1,
          serial_bayou_crossing
Lair:7:   beast_lair_carwin_large_4, uniq_snorg
Lair:8:   grunt_lair_end_beastmaster
Snake:1:  uniq_asterion
Snake:2:  uniq_wiglaf
Snake:3:  st_stairs_6, hangedman_corner_corridor, uniq_vashnia, uniq_nikola
Orc:2:    st_orc_elflike, basic_altar, uniq_josephine

Skill      XL: |  1  2  3  4  5  6  7  8  9 10 11 12 13 14 15 16 17 18 |
---------------+-------------------------------------------------------+-----
Polearms       | 5 6 7 9 10 13 16 18 20 | 20.0
Fighting       | 3 7 10 | 10.1
Armour         | 3 5 8 9 10 11 | 11.1
Dodging        | 10 14 15 | 15.7
Throwing       | 4 7 11 12 | 12.3
Invocations    | 7 8 11 | 11.2
Spellcasting   | 5 8 |  8.5
Necromancy     | 4 7 |  7.8
Charms         | |  0.2

Action                   |  1- 3 |  4- 6 |  7- 9 | 10-12 | 13-15 | 16-18 || total
-------------------------+-------+-------+-------+-------+-------+-------++-------
Melee: Trident           |    92 |    31 |       |       |       |       ||   123
       Halberd           |       |   131 |   380 |    49 |       |    10 ||   570
       Glaive            |       |       |       |   620 |   965 |  1020 ||  2605
       Long sword        |       |       |       |       |    40 |    17 ||    57
Throw: Stone             |    74 |    74 |   137 |   282 |   589 |   615 ||  1771
       Throwing net      |     2 |       |       |       |       |       ||     2
       Tomahawk          |       |       |     6 |    15 |    29 |     4 ||    54
       Javelin           |       |       |       |       |     9 |     1 ||    10
 Cast: Animate Dead      |       |       |       |       |       |    10 ||    10
       Regeneration      |       |       |       |       |       |     1 ||     1
Invok: Slouch            |       |       |       |     2 |     4 |     4 ||    10
       Bend Time         |       |       |       |       |     2 |     2 ||     4
       Step From Time    |       |       |       |       |     1 |       ||     1
       Temporal Distorti |       |       |       |       |       |     2 ||     2
Evoke: Lamp of fire      |       |       |       |       |     1 |     1 ||     2
  Use: Potion            |     1 |       |     1 |     4 |     2 |     1 ||     9
       Scroll            |       |     7 |     2 |    12 |    11 |     9 ||    41
 Stab: Sleeping          |     1 |     1 |       |       |       |       ||     2
       Distracted        |       |       |       |       |     1 |     3 ||     4
       Petrified         |       |       |       |       |     1 |       ||     1
  Eat: Chunk             |     2 |     7 |     8 |    12 |    18 |    10 ||    57
       Fruit             |       |       |       |       |     1 |       ||     1
       Bread ration      |       |       |       |       |       |     2 ||     2
       Royal jelly       |       |       |       |       |       |     1 ||     1
Armor: Leather armour    |     7 |    19 |       |       |       |       ||    26
       Plate armour      |       |       |   165 |   236 |   308 |   262 ||   971
Dodge: Dodged            |    37 |    82 |    91 |   336 |   641 |   691 ||  1878
Block: Other             |     8 |    15 |    31 |    59 |    85 |    77 ||   275
       Reflected         |       |       |     3 |     3 |       |     5 ||    11
